 Dungeon Crawl Stone Soup version 0.22.0-36-g8e74550d25 (webtiles) character file.

1321 Wellman the Skirmisher (level 8, -3/73 HPs)
             Began as a Minotaur Berserker on Aug 24, 2018.
             Was a Priest of Trog.
             Slain by a purple ugly thing (19 damage)
             ... on level 6 of the Dungeon.
             The game lasted 00:13:07 (5509 turns).

Wellman the Skirmisher (Minotaur Berserker)         Turns: 5509, Time: 00:13:08

Health: -3/73      AC: 12    Str: 24    XL:     8   Next: 33%
Magic:  7/7        EV:  7    Int:  4    God:    Trog [***...]
Gold:   308        SH: 10    Dex: 10    Spells: 7/7 levels left

rFire    . . .     SeeInvis .   v - +2 war axe (chop)
rCold    . . .     Gourm    .   j - +0 shield
rNeg     . . .     Faith    .   i - +0 chain mail
rPois    +         Spirit   .   (helmet restricted)
rElec    .         Reflect  .   (no cloak)
rCorr    +         Harm     +   f - +0 pair of gloves
MR       .....                  q - +0 pair of boots
Stlth    ..........             l - amulet of harm
HPRegen  0.22/turn              r - ring of resist corrosion
MPRegen  0.10/turn              u - ring of poison resistance

@: no status effects
A: retaliatory headbutt, horns 2
a: Berserk, Trog's Hand, Renounce Religion


You were on level 6 of the Dungeon.
You worshipped Trog.
Trog was most pleased with you.
You were not hungry.

You visited 1 branch of the dungeon, and saw 6 of its levels.

You collected 308 gold pieces.

Inventory:

Hand Weapons
 v - a +2 war axe of chopping (weapon)
Armour
 f - a +0 pair of gloves (worn)
 i - a +0 chain mail (worn)
 j - a +0 shield (worn)
 q - a +0 pair of boots (worn)
Jewellery
 a - an uncursed ring of magical power
 l - an amulet of harm (around neck)
 r - a ring of resist corrosion (left hand)
 u - a ring of poison resistance (right hand)
Scrolls
 e - 3 scrolls of identify
 h - 5 scrolls of remove curse
 k - 2 scrolls of immolation {unknown}
 m - a scroll of amnesia {unknown}
 n - 3 scrolls of blinking
 w - a scroll of enchant weapon {unknown}
 x - a scroll of noise {unknown}
 y - a scroll of enchant armour {unknown}
 z - a scroll of fear {unknown}
Potions
 b - 4 potions of lignification {unknown}
 d - a potion of brilliance {unknown}
 g - a potion of invisibility {unknown}
 o - 3 potions of haste {unknown}
 p - 3 potions of cancellation {unknown}
 s - 2 potions of curing {unknown}
Comestibles
 c - 11 rations
 t - a chunk of flesh


   Skills:
 * Level 7.2 Fighting
 * Level 7.1 Axes
 * Level 6.4 Armour
 - Level 2.2 Dodging
 * Level 5.7 Shields


You had 7 spell levels left.
You didn't know any spells.
Your spell library contained the following spells:

 Spells                   Type           Power        Failure   Level  Hunger
 Confusing Touch          Hex            #.....       100%        1    ##.....
 Freeze                   Ice            #...         100%        1    ##.....
 Shock                    Conj/Air       #...         100%        1    ##.....
 Swiftness                Chrm/Air       #.......     100%        2    ###....
 Throw Frost              Conj/Ice       #.....       100%        2    ###....
 Confuse                  Hex            #.......     100%        3    ####...
 Gell's Gravitas          Tloc           #.........   100%        3    ####...
 Ozocubu's Armour         Chrm/Ice       #.......     100%        3    ####...
 Static Discharge         Conj/Air       #.......     100%        3    ####...
 Airstrike                Air            #.........   100%        4    #####..
 Petrify                  Tmut/Erth      #.......     100%        4    #####..
 Summon Ice Beast         Ice/Summ       #.......     100%        4    #####..
 Throw Icicle             Conj/Ice       #.......     100%        4    #####..
 Lightning Bolt           Conj/Air       #.........   100%        5    ######.
 Metabolic Englaciation   Hex/Ice        #.........   100%        5    ######.
 Yara's Violent Unravell  Hex/Tmut       #.........   100%        5    ######.


Dungeon Overview and Level Annotations

Branches:
Dungeon (6/15)
 Temple: D:4-7

Altars:


Innate Abilities, Weirdness & Mutations

You reflexively headbutt those who attack you in melee.
You have a pair of horns on your head.


Message History

You hit the purple ugly thing. You headbutt the purple ugly thing.
The purple ugly thing is heavily wounded.
The purple ugly thing engulfs you.
You are too injured to fight recklessly!
You are too injured to fight recklessly!
You are too injured to fight recklessly!
You are too injured to fight recklessly!
You hit the purple ugly thing.
The purple ugly thing is heavily wounded.
The purple ugly thing engulfs you!
* * * LOW HITPOINT WARNING * * *
You slash the purple ugly thing!
The purple ugly thing is severely wounded.
The purple ugly thing engulfs you.
* * * LOW HITPOINT WARNING * * *
You closely miss the purple ugly thing.
Your headbutt misses the purple ugly thing.
The purple ugly thing is severely wounded.
The purple ugly thing engulfs you!
You die...

#.....#.......#
#....##[......#
#....###.....##
#..### ##...##
#.########'####
#.............#
#.............#
#.............#
####)########@#
##...## #)u#
##.....## ....#
#.......##.[..#
#.......#.....#
#.......#....##
##.....##....
##...###..##
#####


You could see a purple ugly thing.

Vanquished Creatures
  Sigmund (D:2)
  A water moccasin (D:5)
  A sky beast (D:5)
  An ogre (D:6)
  2 centaurs
  A scorpion (D:4)
  A killer bee (D:6)
  2 howler monkeys
  A crimson imp (D:5)
  A centaur skeleton (D:6)
  A hound (D:6)
  2 jellies
  3 orc wizards (D:4)
  2 orc priests
  An iguana (D:5)
  2 worker ants (D:6)
  5 adders
  A shadow imp (D:6)
  3 oozes
  An adder zombie (D:6)
  2 worms (D:2)
  2 leopard geckos
  25 orcs
  7 bats
  A giant cockroach (D:2)
  8 goblins
  8 hobgoblins
  5 jackals
  6 kobolds
  4 quokkas
  4 frilled lizards
  9 rats
114 creatures vanquished.

Notes
Turn   | Place    | Note
-------+----------+-------------------------------------------
     0 | D:1      | Wellman the Minotaur Berserker began the quest for the Orb.
     0 | D:1      | Reached XP level 1. HP: 19/19 MP: 0/0
   151 | D:1      | Reached XP level 2. HP: 21/27 MP: 1/1
   621 | D:1      | Reached skill level 1 in Shields
   627 | D:1      | Reached XP level 3. HP: 33/33 MP: 2/2
   709 | D:1      | Reached ** piety under Trog
  1975 | D:2      | Noticed Sigmund
  1985 | D:2      | Killed Sigmund
  1985 | D:2      | Reached skill level 5 in Fighting
  1985 | D:2      | Reached skill level 5 in Axes
  1985 | D:2      | Reached XP level 4. HP: 42/42 MP: 3/3
  1985 | D:2      | Reached XP level 5. HP: 48/48 MP: 4/4
  3117 | D:4      | Reached XP level 6. HP: 55/56 MP: 5/5
  3468 | D:4      | Reached XP level 7. HP: 43/62 MP: 6/6
  4033 | D:4      | Reached skill level 5 in Armour
  4160 | D:5      | Entered Level 5 of the Dungeon
  4368 | D:5      | Reached *** piety under Trog
  4714 | D:5      | Reached skill level 5 in Shields
  4904 | D:5      | Reached XP level 8. HP: 61/71 MP: 7/7
  5499 | D:6      | Noticed a purple ugly thing
  5509 | D:6      | Slain by a purple ugly thing

Skill      XL: |  1  2  3  4  5  6  7  8 |
---------------+-------------------------+-----
Fighting       | 4 5 6 7 |  7.2
Axes           | 4 5 6 7 |  7.1
Shields        | 1 2 3 4 5 |  5.7
Armour         | 4 6 |  6.4
Dodging        | |  2.2

Action                   |  1- 3 |  4- 6 |  7- 9 || total
-------------------------+-------+-------+-------++-------
Melee: Hand axe          |    96 |    72 |       ||   168
       Headbutt          |    16 |    16 |    20 ||    52
       War axe           |       |     9 |   103 ||   112
Invok: Berserk           |     1 |       |     1 ||     2
  Use: Scroll            |       |     2 |     1 ||     3
  Eat: Chunk             |     3 |     6 |     8 ||    17
Armor: Chain mail        |    34 |    35 |    57 ||   126
       Animal skin       |     2 |       |       ||     2
Dodge: Dodged            |    18 |    15 |    24 ||    57
Block: Shield            |    35 |    30 |    44 ||   109
